 Dungeon Crawl Stone Soup version 0.30.1-11-g7821555f0a (webtiles) character file.

Game seed: 14687760446642074683

896 booth the Chopper (level 7, -1/55 HPs)
             Began as a Demonspawn Gladiator on Dec 5, 2023.
             Was a Follower of Okawaru.
             Shot with an arrow by a centaur (7 damage)
             ... on level 6 of the Dungeon.
             The game lasted 00:23:48 (4840 turns).

booth the Chopper (Demonspawn Gladiator)            Turns: 4840, Time: 00:23:49

Health: -1/55      AC:  5    Str: 16    XL:     7   Next: 79%
Magic:  7/7        EV: 12    Int: 10    God:    Okawaru [*.....]
Gold:   244        SH:  5    Dex: 14    Spells: 6/6 levels left

rFire   . . .        s - +3 war axe (elec)
rCold   . . .        (no shield)
rNeg    + + .        a - +1 robe of the Serpent {Fly rPois rN++ Will-}
rPois   +            (helmet restricted)
rElec   .            (no cloak)
rCorr   +            x - +0 pair of gloves
SInv    .            m - +0 pair of boots
Will    .....        k - amulet of reflection
Stlth   +            r - ring of resist corrosion
HPRegen 0.29/turn    (no ring)
MPRegen 0.10/turn

%: reflection
@: flying
A: hooves 1, horns 1, powered by death 2, weakness stinger 1
a: Renounce Religion, Heroism


You were on level 6 of the Dungeon.
You worshipped Okawaru.
Okawaru was aware of your devotion.
You visited 2 branches of the dungeon, and saw 7 of its levels.

You collected 304 gold pieces.
You spent 60 gold pieces at shops.

Inventory:

Hand Weapons
 s - a +3 war axe of electrocution (weapon)
 y - a +1 mace of protection
Missiles
 d - 3 throwing nets
 e - a javelin
 n - 11 boomerangs (quivered)
Armour
 a - the +1 robe of the Serpent (worn) {Fly rPois rN++ Will-}
   (You found it on level 3 of the Dungeon)

   rPois:     It protects you from poison.
   rN:        It greatly protects you from negative energy.
   Fly:       It grants you flight.
   Will:      It decreases your willpower.
 c - a +0 ring mail
 m - a +0 pair of boots (worn)
 x - a +0 pair of gloves (worn)
Jewellery
 k - an amulet of reflection (around neck)
 q - an amulet of guardian spirit
 r - a ring of resist corrosion (left hand)
 A - a ring of flight
Wands
 D - a wand of flame (18)
Scrolls
 h - a scroll of immolation
 i - 2 scrolls of vulnerability
 l - 2 scrolls of fear
 o - 2 scrolls of magic mapping
 u - a scroll of poison {unknown}
 w - a scroll of teleportation {unknown}
 C - a scroll of noise {unknown}
Potions
 b - 3 potions of lignification {unknown}
 f - 11 potions of curing
 g - a potion of invisibility
 j - a potion of magic {unknown}
 p - a potion of might
 t - a potion of heal wounds
 v - a potion of haste
 z - a potion of degeneration {unknown}


   Skills:
 + Level 4.7 Fighting
 * Level 6.3 Axes
 + Level 4.3 Throwing
 - Level 2.7 Dodging


You had 6 spell levels left.
You didn't know any spells.
Your spell library contained the following spells:

 Spells                   Type           Power      Damage    Failure   Level
 Apportation              Tloc           0%         N/A       36%         1
 Slow                     Hex            0%         N/A       36%         1
 Confusing Touch          Hex            0%         N/A       75%         3
 Vampiric Draining        Necr           0%         2d6       75%         3
 Alistair's Intoxication  Tmut/Pois      0%         N/A       100%        5
 Summon Small Mammal      Summ           Unusable   N/A       N/A         1
 Call Canine Familiar     Summ           Unusable   N/A       N/A         3
 Summon Guardian Golem    Hex/Summ       Unusable   N/A       N/A         3

Dungeon Overview and Level Annotations

Branches:
Dungeon (6/15)             Temple (1/1) D:5

Altars:
Cheibriados
Dithmenos
Fedhas
Gozag
Hepliaklqana
Kikubaaqudgha
Makhleb
Nemelex Xobeh
Okawaru
Qazlal
Ru
Sif Muna
Trog
Uskayaw
Vehumet
Wu Jian
Xom
Yredelemnul

Shops:
D:3 !


Innate Abilities, Weirdness & Mutations

You have large cloven feet.
You have a pair of small horns on your head.
You regenerate health from kills.
You have a small tail.


Message History

The steam dragon is lightly wounded.
The steam dragon barely misses you. The steam dragon misses you.
You hit the steam dragon.
The steam dragon is moderately wounded.
The steam dragon bites you but does no damage.
The steam dragon claws you but does no damage.
You hit the steam dragon.
You headbutt the steam dragon, but do no damage.
You tail-slap the steam dragon, but do no damage.
The steam dragon is moderately wounded.
The steam dragon breathes steam at you. The ball of steam hits you!
You hear a shout!
You closely miss the steam dragon.
The steam dragon is moderately wounded.
You are engulfed in a cloud of scalding steam.
The steam dragon closely misses you. You block the steam dragon's attack.
You barely miss the steam dragon.
The steam dragon is moderately wounded.
You are engulfed in a cloud of scalding steam.
A centaur comes into view. It is quivering atropa-tipped darts.
The steam dragon bites you! You block the steam dragon's attack.
The centaur wields a +0 shortbow.
The centaur shoots an arrow.
The arrow closely misses you. You block the steam dragon's attack.
The steam dragon barely misses you.
You hit the steam dragon.
Lightning courses through the steam dragon!!
You kill the steam dragon!
Okawaru is honoured by your kill.
The centaur shoots an arrow.
The arrow hits you!
* * * LOW HITPOINT WARNING * * *
You feel much better.
You are engulfed in a cloud of scalding steam.
The centaur shoots an arrow.
The arrow closely misses you.
The centaur shoots an arrow.
The arrow hits you.
The centaur shoots an arrow.
The arrow hits you.
The centaur shoots an arrow.
The arrow hits you!
* * * LOW HITPOINT WARNING * * *
The centaur shoots an arrow.
The arrow hits you!
You die...

....#.........##
..##......).#....#
...#.....)).#....#
......#...#.....####
...........#.......#
....................
...............$....
................##..
.......<.@..##...#
.................>#
.......).##.....c.#
.......####........#
....... ..........
....#.. .....##.##
...#### .....# # ...
#...... ##


You could see a centaur.

Vanquished Creatures
  Grinder (D:5)
  A steam dragon (D:6)
  A centaur (D:5)
  2 scorpions
  2 hounds (D:5)
  A jelly (D:5)
  2 orc priests
  An iguana (D:5)
  A sleepcap (D:5)
  An orc wizard (D:6)
  3 adders
  A shadow imp (D:5)
  2 worms
  A dart slug (D:3)
  14 orcs
  5 bats
  4 endoplasms
  6 giant cockroaches
  7 goblins
  5 hobgoblins
  3 jackals (D:4)
  4 quokkas
  6 ball pythons
  A frilled lizard (D:1)
  6 kobolds
  3 rats
84 creatures vanquished.

Notes
Turn   | Place    | Note
-------+----------+-------------------------------------------
     0 | D:1      | booth the Demonspawn Gladiator began the quest for the Orb.
     0 | D:1      | Reached XP level 1. HP: 16/16 MP: 1/1
   243 | D:1      | Gained mutation: You regenerate a little health from kills.
                  | [demonic ancestry]
   243 | D:1      | Reached XP level 2. HP: 15/22 MP: 2/2
   686 | D:1      | Reached skill level 3 in Axes
  1277 | D:2      | Found an ornate altar of the Wu Jian Council.
  1457 | D:2      | Reached XP level 3. HP: 28/28 MP: 3/3
  2255 | D:3      | Found a bloodstained altar of Trog.
  2362 | D:3      | Found Geobea's Distillery.
  2368 | D:3      | Bought a potion of curing for 30 gold pieces
  2368 | D:3      | Bought a potion of curing for 30 gold pieces
  2373 | D:3      | Found an iron altar of Okawaru.
  2465 | D:3      | Identified the +1 robe of the Serpent {Fly rPois rN++
                  | Will-}
  2885 | D:4      | Discovered your monstrous ancestry.
  2885 | D:4      | Gained mutation: You have large cloven feet. [demonic
                  | ancestry]
  2885 | D:4      | Reached XP level 4. HP: 34/34 MP: 4/4
  2889 | D:4      | Found a stormy altar of Qazlal.
  3006 | D:4      | Found a hide-covered altar of Uskayaw.
  3008 | D:4      | Found an opulent altar of Gozag.
  3011 | D:4      | Found a blossoming altar of Fedhas.
  3012 | D:4      | Found a shimmering altar of Xom.
  3012 | D:4      | Found a shimmering blue altar of Sif Muna.
  3046 | D:4      | Noticed a scorpion
  3052 | D:4      | Killed a scorpion
  3053 | D:4      | Reached skill level 4 in Axes
  3053 | D:4      | Gained mutation: You have a pair of small horns on your
                  | head. [demonic ancestry]
  3053 | D:4      | Reached XP level 5. HP: 41/41 MP: 5/5
  3501 | D:5      | Entered Level 5 of the Dungeon
  3501 | D:5      | Found an ancient bone altar of Kikubaaqudgha.
  3667 | D:5      | Gained mutation: You have a small tail. [demonic ancestry]
  3667 | D:5      | Reached XP level 6. HP: 43/47 MP: 6/6
  3807 | D:5      | Reached skill level 5 in Axes
  3875 | D:5      | Found a staircase to the Ecumenical Temple.
  3888 | Temple   | Entered the Ecumenical Temple
  4038 | D:3      | Became a worshipper of Warmaster Okawaru
  4250 | D:5      | Noticed Grinder
  4254 | D:5      | Paralysed by Grinder for 2 turns
  4262 | D:5      | Killed Grinder
  4263 | D:5      | Gained mutation: You regenerate health from kills. [demonic
                  | ancestry]
  4263 | D:5      | Reached XP level 7. HP: 45/54 MP: 7/7
  4433 | D:5      | Reached * piety under Okawaru
  4578 | D:5      | Found a basalt altar of Yredelemnul.
  4798 | D:6      | Reached skill level 6 in Axes
  4824 | D:6      | Noticed a steam dragon
  4835 | D:6      | Killed a steam dragon
  4840 | D:6      | Shot with an arrow by a centaur

Illustrated notes

Levels and vault maps discovered:
D:1:      evilmike_arrival_plus, layout_loops_corners, minmay_hedge_maze,
          minmay_tromino_v4_a
D:2:      layout_basic, basic_altar
D:3:      layout_basic, nicolae_overflow_hidden_temple,
          mainiacjoe_overflow_paths, serial_shops, nicolae_shop_trees
D:4:      layout_loops_corners, mainiacjoe_overflow_boulevard,
          grunt_temple_overflow_open, st_stairs_3
D:5:      layout_cave_pods, amcnicky_altar_gilded,
          mainiacjoe_overflow_concentric_impassable, minmay_temple_entry_ruins,
          uniq_grinder
D:6:      layout_cave_pools, st_stairs_12, uniq_edmund, uniq_crazy_yiuf_cottage
Temple:   nicolae_temple_two_arcs

Skill      XL: |  1  2  3  4  5  6  7 |
---------------+----------------------+-----
Throwing       | 2 3 4 |  4.3
Axes           | 3 4 5 6 |  6.3
Fighting       | 3 4 |  4.7
Dodging        | |  2.7

Action                     |  1- 3 |  4- 6 |  7- 9 || total
---------------------------+-------+-------+-------++-------
  Melee: War axe           |   151 |    62 |    23 ||   236
         Punch             |     1 |     2 |     1 ||     4
         Headbutt          |       |    10 |     4 ||    14
         Tailslap          |       |     2 |     4 ||     6
  Throw: Boomerang         |       |     4 |       ||     4
    Use: Scroll            |     5 |     1 |     2 ||     8
         Potion            |     2 |       |     2 ||     4
   Stab: Sleeping          |     1 |       |       ||     1
 Armour: Leather armour    |    46 |       |       ||    46
         Robe              |     5 |    15 |     2 ||    22
  Dodge: Dodged            |    97 |    28 |    18 ||   143
  Block: Other             |    16 |     9 |     7 ||    32
         Reflection        |       |     1 |       ||     1
